 Dungeon Crawl Stone Soup version 0.30.1-9-gdf580d7c3d (webtiles) character file.

Game seed: 9315910543137067027

49 Ivernyr the Shield-Bearer (level 4, 35/35 HPs)
             Began as a Formicid Fighter on Oct 5, 2023.
             Got out of the dungeon alive.
             The game lasted 00:02:08 (898 turns).

Ivernyr the Shield-Bearer (Formicid Fighter)         Turns: 898, Time: 00:02:08

Health: 35/35      AC:  8    Str: 22    XL:     4   Next: 2%
Magic:  4/4        EV:  9    Int:  8    God:
Gold:   45         SH:  5    Dex: 13    Spells: 3/3 levels left

rFire   . . .        a - +0 quarterstaff
rCold   . . .        c - +0 buckler
rNeg    . . .        b - +0 scale mail
rPois   .            (helmet unavailable)
rElec   .            h - +0 cloak
rCorr   .            (no gloves)
SInv    +            (no boots)
Will    .....        (no amulet) Stlth
                     (no ring)
HPRegen 0.25/turn    (no ring)
MPRegen 0.09/turn

%: no passive effects
@: no status effects
A: permanent stasis, dig shafts and tunnels, antennae 3, four strong arms
a: Dig, Shaft Self


You escaped.
You visited 1 branch of the dungeon, and saw 2 of its levels.

You collected 45 gold pieces.

Inventory:

Hand Weapons
 a - a +0 quarterstaff (weapon)
Armour
 b - a +0 scale mail (worn)
 c - a +0 buckler (worn)
 h - a +0 cloak (worn)
Scrolls
 l - a scroll of teleportation {unknown}
Potions
 d - a potion of might
 e - a potion of brilliance {unknown}
 f - a potion of mutation {unknown}
 g - a potion of degeneration {unknown}
 i - a potion of curing {unknown}
 j - a potion of lignification {unknown}
 k - a potion of flight {unknown}


   Skills:
 - Level 3.2 Fighting
 + Level 4.0 Staves
 - Level 3.2 Armour
 - Level 4.0 Shields


You had 3 spell levels left.
You didn't know any spells.
Your spell library contained the following spells:

 Spells                   Type           Power      Damage    Failure   Level
 Apportation              Tloc           0%         N/A       80%         1
 Necrotise                Necr           0%         1d4       80%         1
 Summon Small Mammal      Summ           0%         N/A       80%         1


Dungeon Overview and Level Annotations

Branches:
Dungeon (2/15)

Altars:


Innate Abilities, Weirdness & Mutations

You cannot be hasted, slowed, berserked, paralysed or teleported.
You can dig through walls and to a lower floor.
You have a pair of large antennae on your head. (SInv)
Your four strong arms can wield two-handed weapons with a shield.


Message History

The giant cockroach is moderately wounded.
The giant cockroach barely misses you.
You closely miss the giant cockroach.
The giant cockroach is moderately wounded.
The giant cockroach bites you but does no damage.
The giant cockroach closely misses you.
You closely miss the giant cockroach.
The giant cockroach bites you but does no damage.
You sock the giant cockroach!
You kill the giant cockroach!
Your Staves skill increases to level 4!
You have reached level 4!
You feel clever.
HP restored.
You sense a monster nearby.
You now have 45 gold pieces (gained 11).
You sense a monster nearby.
A hobgoblin comes into view.
The hobgoblin shouts!
You hear a shout!
You hear a bark!
You hear a shout! x2
An orc comes into view. It is wielding a +0 club.
The orc shouts!
There is a stone staircase leading up here.
You climb upwards.
There is a stone staircase leading down here.
(D) Dungeon
Where to? (Enter - D:2, ? - help)
What level of the Dungeon? (default 1, ? - help)
A rat is nearby!
The rat bites you.
You sock the rat!
You kill the rat!
You see here a rat corpse.
(D) Dungeon
Where to? (Enter - D:1 @ (x,y), ? - help)
What level of the Dungeon? (default 1, ? - help)
There is a stone staircase leading down here.
You see here a +0 club.
There is a staircase leading out of the dungeon here.
Are you sure you want to leave the Dungeon?
This will make you lose the game!
You have escaped!

##...#...#.......#.....#.#.##
##........#####.#.#.###.#...#.
#.........#.....#.#.#.#.#.....
#.........#.#####.#.#.#.#....รท
#.........#.#...#.#.#...#..#..
##...{{..{#.#.#.#.#.#####.....
##...#...#.#.#.#.......#..###
######..#.#.#.#.#######.....
#..#.#@#.#..........###
#..#.#.#.#.#######..#
##h.#.#.#.#.......#.####
#...#...#.#.#####.#.....
##..#####.#.#...#.#.####
#..#.....#.#.#.#.#.#
#..#.#####.#.###.###
#..#.......#.....###
##.#######.#######.###


There were no monsters in sight!

Vanquished Creatures
  5 bats (D:1)
  5 endoplasms
  4 giant cockroaches
  4 goblins (D:1)
  3 hobgoblins (D:1)
  6 jackals (D:1)
  4 quokkas (D:1)
  3 ball pythons (D:1)
  2 frilled lizards (D:1)
  2 kobolds (D:1)
  4 rats
42 creatures vanquished.

Notes
Turn   | Place    | Note
-------+----------+-------------------------------------------
     0 | D:1      | Ivernyr the Formicid Fighter began the quest for the Orb.
     0 | D:1      | Reached XP level 1. HP: 18/18 MP: 1/1
   108 | D:1      | Reached XP level 2. HP: 23/24 MP: 2/2
   182 | D:1      | Found a faded altar of an unknown god.
   298 | D:1      | Reached XP level 3. HP: 26/29 MP: 3/3
   802 | D:2      | Reached XP level 4. HP: 30/35 MP: 4/4
   898 | D:$      | Got out of the dungeon alive.

Illustrated notes

Levels and vault maps discovered:
D:1:      matt_arrival_spirals, layout_rooms,
          hellmonk_ecumenical_altar_crossroads, minmay_hexomino_u4
D:2:      minmay_spotlight, layout_loops_ring, guppyfry_early_orc_mine

Skill      XL: |  1  2  3 |
---------------+----------+-----
Staves         | 3 4 |  4.0
Fighting       | |  3.2
Armour         | |  3.2
Shields        | |  4.0

Action                     |  1- 3 |  4- 6 || total
---------------------------+-------+-------++-------
  Melee: Quarterstaff      |   112 |     1 ||   113
 Armour: Scale mail        |    59 |       ||    59
  Dodge: Dodged            |    56 |       ||    56
  Block: Buckler           |    35 |       ||    35
